AoeStats
← TONIC

Arena

509925830Analyzed
4v4 RM · 3d ago on Sep 28, 2026· 23m 37s· 8 players
Game mode
Random Map
Map size
Large (8 player)
Population
200
Speed
Normal
Resources
Standard
Victory
Conquest
Starting age
Dark Age
Ending age
Imperial Age
RankedLock teamsTeams togetherTeam positionsShared explorationLock speedFull tech treeHidden civsTurbo modeCheats
Victory
Defeat
🇳🇱 Saxons · Netherlands
1107
+16
🇩🇪 Persians · Germany
1101
+17
🇩🇪 Spanish · Germany
1093
+17
🇩🇪 Khmer · Germany
1038
+19
🇺🇸 Jurchens · United States
1173
-19
🇨🇳 Poles · China
1131
-18
🇲🇽 Byzantines · Mexico
1121
-18
🇹🇷 Magyars · Türkiye
1027
-14
Busy Dingo
10:20 Feudal Age
14:10 Castle Age
12:08 Double-Bit Axe
12:12 Horse Collar
15:02 Bow Saw
15:19 Heavy Plow
18:42 Wheelbarrow
22:38 Hand Cart
22:09 Town Watch
22:10 Loom
2026
9:41 Feudal Age
13:07 Castle Age
20:42 Double-Bit Axe
21:07 Horse Collar
22:21 Gold Mining
HGK
11:07 Feudal Age
11:34 Double-Bit Axe
11:32 Horse Collar
17:08 Castle Age
16:21 Scale Mail Armor
23:10 Fletching
TONIC
10:40 Feudal Age
11:40 Loom
14:37 Castle Age
16:03 Double-Bit Axe
16:49 Horse Collar
22:46 Padded Archer Armor
24:45 Wheelbarrow
garoumarcos
3:04 Loom
10:41 Feudal Age
14:50 Castle Age
13:07 Double-Bit Axe
13:56 Horse Collar
15:46 Bow Saw
15:41 Heavy Plow
16:36 Wheelbarrow
notjason
11:01 Feudal Age
12:18 Double-Bit Axe
14:46 Castle Age
15:45 Gold Mining
22:25 Siege Engineers
Badlies
0:32 Loom
10:47 Feudal Age
11:29 Double-Bit Axe
12:18 Stone Mining
12:33 Horse Collar
13:04 Gold Mining
19:39 Castle Age
20:34 Bow Saw
雪风
11:45 Feudal Age
12:16 Double-Bit Axe
18:28 Castle Age
16:37 Horse Collar
16:54 Stone Mining
17:55 Bloodlines
17:50 Gold Mining
19:01 Forging
20:11 Bow Saw
Connection lost

Rejoining the realm…

Still unreachable

The connection could not be restored.

Session expired

The server has moved on; the page needs a fresh start.